 Dungeon Crawl Stone Soup version 0.19.1 (webtiles) character file.

694 Peloso the Shield-Bearer (level 7, -4/55 HPs)
             Began as a Formicid Fighter on Dec 18, 2016.
             Was a Follower of Ashenzari.
             Slain by an ogre
             ... wielding a +0 giant club
              (18 damage)
             ... on level 4 of the Dungeon.
             The game lasted 00:13:17 (2647 turns).

Peloso the Shield-Bearer (Formicid Fighter)         Turns: 2647, Time: 00:13:17

Health: -4/55      AC: 13    Str: 20    XL:     7   Next: 96%
Magic:  7/7        EV:  5    Int:  8    God:    Ashenzari [*.....]
Gold:   291        SH: 10    Dex: 12    Spells: 0 memorised, 6 levels left

rFire  . . .     SeeInvis +     a - +0 long sword (curse)
rCold  . . .     Gourm    .     v - +0 plate armour (curse)
rNeg   . . .     Faith    +     c - +0 shield
rPois  .         Spirit   .     (helmet unavailable)
rElec  .         Reflect  .     h - +0 cloak
rCorr  .         Harm     .     (no gloves)
MR     .....                    (no boots)
Stlth  ..........               t - amulet of faith
                                (no ring)
                                e - ring of loudness (curse)

@: no status effects
A: permanent stasis, dig shafts and tunnels, four strong arms, antennae 3
a: Dig, Shaft Self, Curse Item, Scrying, Renounce Religion


You were on level 4 of the Dungeon.
You worshipped Ashenzari.
Ashenzari was aware of your devotion.
You were not hungry.

You visited 1 branch of the dungeon, and saw 4 of its levels.

You collected 291 gold pieces.

Inventory:

Hand Weapons
 a - a cursed +0 long sword (weapon)
Armour
 b - a +0 scale mail
 c - a +0 shield (worn)
 h - a +0 cloak (worn)
 v - a cursed +0 plate armour (worn)
Jewellery
 e - a cursed ring of loudness (left hand)
 t - an amulet of faith (around neck)
Wands
 q - a wand of confusion (29/48)
Scrolls
 j - a scroll of blinking
 p - 2 scrolls of recharging
Potions
 d - a potion of might
 g - 2 potions of heal wounds {unknown}
 k - 2 potions of ambrosia {unknown}
 n - 2 potions of curing {unknown}
 o - a potion of mutation {unknown}
 r - a potion of invisibility {unknown}
 u - a potion of agility {unknown}
Comestibles
 f - 3 bread rations
 i - 7 chunks of flesh
 l - 3 meat rations
 m - a slice of pizza
 s - 3 beef jerkies


   Skills:
 + Level 4.6 Fighting
 + Level 5.5 Long Blades
 + Level 4.8 Armour
 + Level 1.6 Dodging
 + Level 5.7 Shields


You had 6 spell levels left.
You didn't know any spells.

Dungeon Overview and Level Annotations

Branches:
Dungeon (4/15)
 Temple: D:4-7

Altars:
Ashenzari
Uskayaw


Innate Abilities, Weirdness & Mutations

You are under a permanent stasis effect.
You can dig through walls and to a lower floor.
Your four strong arms can wield two-handed weapons with a shield.
You have a pair of large antennae on your head. (SInv)


Message History

You hit the ogre but do no damage.
The ogre is moderately wounded.
You block the ogre's attack.
You hit the ogre.
The ogre is moderately wounded.
You block the ogre's attack.
You hit the ogre.
The ogre is moderately wounded.
The ogre hits you with a giant club!
You barely miss the ogre.
The ogre is moderately wounded.
You block the ogre's attack.
You hit the ogre.
The ogre is heavily wounded.
The ogre hits you with a giant club!
* * * LOW HITPOINT WARNING * * *
You hit the ogre.
The ogre is heavily wounded.
The ogre hits you with a giant club!!
You die...

#.....####....#.....#...........
###...####....#.....#...........
##..........#....)##+####.....
...........###........#.....<
###.......#####........#......
........)..........#......
...................#......
...................#
.........@.........#
....#....O...........
....#....!........... ...
#.##............. .. ..%
..#####.... #......# ... #. ...
.. ....


You could see an ogre.

Vanquished Creatures
  Grinder (D:3)
  An ogre (D:4)
  A hound (D:3)
  5 orc wizards
  An orc priest (D:3)
  A worker ant (D:3)
  Robin (D:3)
  3 adders (D:2)
  4 gnolls
  2 oozes
  An adder skeleton (D:4)
  A worm (D:4)
  4 dart slugs
  3 leopard geckos
  10 orcs
  12 bats
  2 giant cockroaches
  20 goblins
  8 hobgoblins
  7 jackals
  10 kobolds
  2 quokkas (D:4)
  5 ball pythons
  3 frilled lizards
  7 rats
115 creatures vanquished.

Notes
Turn   | Place    | Note
-------+----------+-------------------------------------------
     0 | D:1      | Peloso the Formicid Fighter began the quest for the Orb.
     0 | D:1      | Reached XP level 1. HP: 18/18 MP: 1/1
    60 | D:1      | Reached XP level 2. HP: 21/24 MP: 2/2
   250 | D:1      | Reached XP level 3. HP: 29/29 MP: 3/3
   726 | D:2      | Found a hide-covered altar of Uskayaw.
   747 | D:2      | Reached XP level 4. HP: 13/37 MP: 4/4
  1002 | D:2      | Found a faded altar of an unknown god.
  1163 | D:2      | Reached XP level 5. HP: 37/42 MP: 5/5
  1399 | D:3      | Found a shattered altar of Ashenzari.
  1399 | D:3      | Noticed Grinder
  1420 | D:3      | Killed Grinder
  1420 | D:3      | Reached skill level 1 in Dodging
  1420 | D:3      | Reached XP level 6. HP: 42/49 MP: 6/6
  1438 | D:3      | Became a worshipper of Ashenzari the Shackled
  1453 | D:3      | Noticed Robin
  1492 | D:3      | Killed Robin
  1595 | D:3      | Reached XP level 7. HP: 22/55 MP: 7/7
  1895 | D:3      | Reached skill level 5 in Shields
  1904 | D:3      | Reached skill level 5 in Long Blades
  2630 | D:4      | Reached * piety under Ashenzari
  2647 | D:4      | Slain by an ogre

Skill      XL: |  1  2  3  4  5  6  7 |
---------------+----------------------+-----
Shields        | 4 5 |  5.7
Long Blades    | 3 4 5 |  5.5
Fighting       | 4 |  4.6
Armour         | 4 |  4.8
Dodging        | 1 |  1.6

Action                   |  1- 3 |  4- 6 |  7- 9 || total
-------------------------+-------+-------+-------++-------
Melee: Long sword        |   116 |   144 |   179 ||   439
Invok: Curse Item        |       |       |     2 ||     2
  Use: Scroll            |       |       |     3 ||     3
  Eat: Chunk             |       |     1 |     4 ||     5
       Fruit             |       |       |     2 ||     2
Armor: Scale mail        |    99 |    76 |    30 ||   205
       Plate armour      |       |       |    63 ||    63
Dodge: Dodged            |    69 |    52 |    51 ||   172
Block: Shield            |   100 |    84 |   147 ||   331
       Rpst.: Long sword |    22 |    19 |    15 ||    56
